[ PARTIDA AOE2 · #476147088 ]
UnrankedWei vs Shu
Equipo del jugador · DERR
Equipo rival · VICT
[ ANÁLISIS DE REPETICIÓN · EXTRAÍDO DE LA PARTIDA GRABADA ]
Feudal
8:51
Castillos
—
Imperial
—
| APM promedio | 51.4 |
| APM pico | 113 |
| eAPM promedio | 22.2 |
| Aldeanos / militares | 61 / 78 |
Foco
⚔️ 49.0% · 🌾 51.0%
Skirmisher ×33 · Scout Cavalry ×27 · Archer ×17 · Spearman ×1
Feudal
9:18
Castillos
23:20
Imperial
—
| APM promedio | 80.2 |
| APM pico | 118 |
| eAPM promedio | 31.0 |
| Aldeanos / militares | 82 / 77 |
Foco
⚔️ 39.1% · 🌾 60.9%
Archer ×55 · Spearman ×12 · Militia ×8 · Unknown (1959) ×5 · Mangonel ×1 · Battering Ram ×1
Mapa de la partida
Recursos iniciales + cada clic de construcción. Líneas = muros · curvas = relieve. ◆ oro · ⬟ piedra · ● bayas · ✦ reliquia · ◌ hueco del cierre
Tu base· Abierta — flanco sin cerrar
Base de fox· Abierta — flanco sin cerrar
Terreno inicial suavizado · ◌ = hueco del cierre detectado · pasá el cursor para detalles
Inputs por minuto
— benjael10 - - fox
Build order — benjael10
Primeras 150 de 249 acciones detectadas
| 0:01 | Crear | Villager (Male) |
| 0:01 | Crear | Villager (Male) |
| 0:01 | Crear | Villager (Male) |
| 0:01 | Crear | Villager (Male) |
| 0:01 | Crear | Villager (Male) |
| 0:03 | Construir | House |
| 0:04 | Construir | House |
| 1:25 | Crear | Villager (Male) |
| 1:26 | Crear | Villager (Male) |
| 1:56 | Crear | Villager (Male) |
| 2:17 | Crear | Villager (Male) |
| 2:18 | Crear | Villager (Male) |
| 2:36 | Crear | Villager (Male) |
| 2:45 | Construir | Lumber Camp |
| 2:56 | Crear | Villager (Male) |
| 3:08 | Crear | Villager (Male) |
| 3:23 | Crear | Villager (Male) |
| 3:27 | Construir | House |
| 4:06 | Crear | Villager (Male) |
| 4:06 | Crear | Villager (Male) |
| 4:22 | Crear | Villager (Male) |
| 4:53 | Crear | Villager (Male) |
| 4:53 | Crear | Villager (Male) |
| 5:30 | Crear | Villager (Male) |
| 5:32 | Construir | Mill |
| 6:34 | Investigar | Feudal Age |
| 7:49 | Construir | Barracks |
| 7:54 | Construir | House |
| 8:28 | Investigar | Loom |
| 8:28 | Crear | Villager (Male) |
| 8:51 | Edad | Edad Feudal |
| 8:58 | Construir | Stable |
| 9:01 | Investigar | Double-Bit Axe |
| 9:09 | Construir | House |
| 9:11 | Construir | Palisade Wall |
| 9:14 | Construir | Palisade Wall |
| 9:18 | Construir | Palisade Wall |
| 9:26 | Crear | Spearman |
| 9:27 | Crear | Villager (Male) |
| 9:29 | Construir | Palisade Wall |
| 9:31 | Construir | Palisade Wall |
| 9:36 | Construir | Palisade Wall |
| 9:37 | Construir | Palisade Wall |
| 9:37 | Construir | Palisade Wall |
| 9:38 | Construir | Palisade Wall |
| 9:39 | Construir | Palisade Wall |
| 9:57 | Crear | Scout Cavalry |
| 9:57 | Crear | Scout Cavalry |
| 10:06 | Crear | Scout Cavalry |
| 10:08 | Construir | House |
| 10:19 | Construir | Palisade Wall |
| 10:20 | Construir | Palisade Wall |
| 10:23 | Construir | Palisade Wall |
| 10:30 | Crear | Scout Cavalry |
| 10:34 | Crear | Villager (Male) |
| 10:44 | Construir | Farm |
| 10:56 | Crear | Villager (Male) |
| 10:57 | Construir | Farm |
| 11:15 | Construir | Watch Tower |
| 11:18 | Crear | Villager (Male) |
| 11:24 | Construir | Farm |
| 11:25 | Construir | Farm |
| 11:31 | Crear | Villager (Male) |
| 11:34 | Construir | Palisade Wall |
| 11:35 | Construir | Palisade Wall |
| 11:39 | Construir | Palisade Wall |
| 11:48 | Construir | Palisade Wall |
| 11:49 | Construir | Palisade Wall |
| 11:49 | Construir | Palisade Wall |
| 11:50 | Construir | Palisade Wall |
| 11:50 | Construir | Palisade Wall |
| 11:51 | Construir | Palisade Wall |
| 11:51 | Construir | Palisade Wall |
| 11:52 | Construir | Palisade Wall |
| 11:56 | Crear | Villager (Male) |
| 11:58 | Construir | Farm |
| 12:07 | Crear | Villager (Male) |
| 12:36 | Crear | Villager (Male) |
| 12:37 | Crear | Villager (Male) |
| 12:49 | Crear | Villager (Male) |
| 13:02 | Construir | Farm |
| 13:03 | Construir | Farm |
| 13:17 | Crear | Villager (Male) |
| 13:30 | Crear | Villager (Male) |
| 13:48 | Construir | Archery Range |
| 13:52 | Crear | Villager (Male) |
| 14:02 | Crear | Villager (Male) |
| 14:31 | Crear | Skirmisher |
| 14:31 | Crear | Skirmisher |
| 14:33 | Construir | Farm |
| 14:37 | Construir | Lumber Camp |
| 14:46 | Crear | Skirmisher |
| 14:49 | Construir | Farm |
| 15:01 | Crear | Skirmisher |
| 15:13 | Crear | Skirmisher |
| 15:18 | Construir | Palisade Wall |
| 15:19 | Construir | Palisade Wall |
| 15:31 | Crear | Skirmisher |
| 15:43 | Construir | House |
| 15:55 | Construir | Farm |
| 15:57 | Construir | House |
| 16:05 | Crear | Villager (Male) |
| 16:08 | Crear | Skirmisher |
| 16:35 | Construir | Farm |
| 16:43 | Crear | Skirmisher |
| 16:44 | Crear | Villager (Male) |
| 17:08 | Crear | Villager (Male) |
| 17:15 | Construir | Blacksmith |
| 17:20 | Investigar | Horse Collar |
| 17:39 | Construir | House |
| 17:42 | Construir | Palisade Wall |
| 17:53 | Investigar | Fletching |
| 17:56 | Construir | House |
| 17:57 | Crear | Skirmisher |
| 18:01 | Construir | Farm |
| 18:15 | Crear | Skirmisher |
| 18:16 | Crear | Villager (Male) |
| 18:31 | Construir | Farm |
| 18:35 | Construir | Farm |
| 18:36 | Crear | Villager (Male) |
| 19:07 | Crear | Skirmisher |
| 19:15 | Crear | Scout Cavalry |
| 19:16 | Crear | Villager (Male) |
| 19:24 | Crear | Skirmisher |
| 19:37 | Construir | House |
| 19:38 | Construir | House |
| 19:46 | Crear | Scout Cavalry |
| 19:57 | Investigar | Padded Archer Armor |
| 19:57 | Investigar | Padded Archer Armor |
| 20:01 | Crear | Skirmisher |
| 20:24 | Crear | Scout Cavalry |
| 20:28 | Crear | Villager (Male) |
| 20:34 | Construir | Farm |
| 20:35 | Construir | Farm |
| 20:36 | Construir | Farm |
| 20:46 | Crear | Villager (Male) |
| 20:47 | Crear | Villager (Male) |
| 20:50 | Construir | Farm |
| 21:02 | Crear | Skirmisher |
| 21:05 | Crear | Villager (Male) |
| 21:23 | Crear | Scout Cavalry |
| 21:43 | Crear | Scout Cavalry |
| 21:44 | Crear | Skirmisher |
| 22:11 | Crear | Skirmisher |
| 22:24 | Crear | Skirmisher |
| 22:25 | Crear | Scout Cavalry |
| 22:30 | Crear | Villager (Male) |
| 22:32 | Construir | Mining Camp |
| 22:45 | Crear | Scout Cavalry |
| 22:46 | Crear | Villager (Male) |
Build order — fox
Primeras 150 de 286 acciones detectadas
| 0:00 | Crear | Villager (Male) |
| 0:02 | Construir | House |
| 0:03 | Construir | House |
| 0:10 | Crear | Villager (Male) |
| 0:14 | Crear | Villager (Male) |
| 0:17 | Crear | Villager (Male) |
| 1:28 | Crear | Villager (Male) |
| 1:29 | Crear | Villager (Male) |
| 1:58 | Construir | Lumber Camp |
| 2:00 | Crear | Villager (Male) |
| 2:00 | Crear | Villager (Male) |
| 2:29 | Crear | Villager (Male) |
| 2:29 | Crear | Villager (Male) |
| 2:48 | Crear | Villager (Male) |
| 2:48 | Crear | Villager (Male) |
| 3:21 | Crear | Villager (Male) |
| 3:22 | Crear | Villager (Male) |
| 3:43 | Crear | Villager (Male) |
| 3:43 | Crear | Villager (Male) |
| 3:55 | Construir | House |
| 4:07 | Crear | Villager (Male) |
| 4:07 | Crear | Villager (Male) |
| 4:08 | Crear | Villager (Male) |
| 4:49 | Crear | Villager (Male) |
| 4:49 | Crear | Villager (Male) |
| 5:09 | Construir | Barracks |
| 5:14 | Construir | House |
| 5:19 | Crear | Villager (Male) |
| 5:19 | Crear | Villager (Male) |
| 5:46 | Crear | Villager (Male) |
| 5:48 | Crear | Villager (Male) |
| 5:52 | Investigar | Loom |
| 6:26 | Construir | Mill |
| 7:08 | Investigar | Feudal Age |
| 7:08 | Investigar | Feudal Age |
| 7:19 | Construir | Mining Camp |
| 7:23 | Crear | Militia |
| 7:49 | Crear | Militia |
| 8:00 | Crear | Militia |
| 8:13 | Crear | Villager (Male) |
| 8:17 | Construir | House |
| 8:24 | Construir | House |
| 8:30 | Construir | Palisade Wall |
| 8:32 | Construir | Palisade Wall |
| 8:40 | Crear | Villager (Male) |
| 8:56 | Crear | Villager (Male) |
| 9:01 | Construir | House |
| 9:18 | Edad | Edad Feudal |
| 9:19 | Investigar | Man-at-Arms (upgrade) |
| 9:19 | Investigar | Man-at-Arms (upgrade) |
| 9:19 | Investigar | Man-at-Arms (upgrade) |
| 9:23 | Construir | Archery Range |
| 9:26 | Investigar | Double-Bit Axe |
| 9:58 | Crear | Villager (Male) |
| 9:58 | Crear | Villager (Male) |
| 10:16 | Construir | Blacksmith |
| 10:30 | Crear | Villager (Male) |
| 10:32 | Construir | House |
| 10:34 | Crear | Villager (Male) |
| 10:41 | Construir | Farm |
| 10:51 | Crear | Villager (Male) |
| 10:53 | Crear | Archer |
| 10:56 | Crear | Archer |
| 11:07 | Crear | Spearman |
| 11:22 | Crear | Villager (Male) |
| 11:25 | Construir | Farm |
| 11:45 | Construir | House |
| 11:46 | Construir | House |
| 11:51 | Construir | Farm |
| 12:02 | Crear | Archer |
| 12:23 | Crear | Spearman |
| 12:24 | Crear | Spearman |
| 12:33 | Crear | Archer |
| 12:34 | Crear | Villager (Male) |
| 12:44 | Crear | Spearman |
| 12:57 | Crear | Villager (Male) |
| 13:05 | Crear | Villager (Male) |
| 13:17 | Construir | Farm |
| 13:18 | Construir | Farm |
| 13:34 | Crear | Archer |
| 13:36 | Investigar | Fletching |
| 13:36 | Investigar | Fletching |
| 13:44 | Crear | Villager (Male) |
| 14:06 | Crear | Villager (Male) |
| 14:16 | Crear | Archer |
| 14:16 | Crear | Archer |
| 14:20 | Construir | House |
| 14:37 | Crear | Archer |
| 14:43 | Crear | Villager (Male) |
| 14:43 | Crear | Villager (Male) |
| 15:09 | Crear | Villager (Male) |
| 15:27 | Crear | Archer |
| 15:42 | Crear | Villager (Male) |
| 15:45 | Construir | Farm |
| 15:45 | Construir | Farm |
| 15:47 | Construir | Farm |
| 15:47 | Construir | Farm |
| 15:53 | Crear | Villager (Male) |
| 15:55 | Crear | Archer |
| 16:29 | Crear | Archer |
| 16:29 | Crear | Archer |
| 16:52 | Crear | Villager (Male) |
| 16:54 | Crear | Archer |
| 17:04 | Crear | Villager (Male) |
| 17:06 | Construir | House |
| 17:07 | Construir | House |
| 17:09 | Crear | Villager (Male) |
| 17:11 | Construir | Farm |
| 17:12 | Construir | Farm |
| 17:12 | Construir | Farm |
| 17:12 | Construir | Farm |
| 17:12 | Construir | Farm |
| 17:12 | Construir | Farm |
| 17:34 | Construir | Farm |
| 17:56 | Crear | Archer |
| 17:58 | Investigar | Padded Archer Armor |
| 18:11 | Crear | Villager (Male) |
| 18:16 | Construir | Farm |
| 18:16 | Construir | Farm |
| 18:16 | Construir | Farm |
| 18:17 | Construir | Farm |
| 18:17 | Construir | Farm |
| 18:17 | Construir | Farm |
| 18:26 | Crear | Villager (Male) |
| 18:33 | Construir | House |
| 18:46 | Construir | Farm |
| 18:50 | Crear | Archer |
| 19:02 | Crear | Villager (Male) |
| 19:24 | Crear | Archer |
| 19:32 | Crear | Militia |
| 19:36 | Crear | Villager (Male) |
| 19:44 | Crear | Archer |
| 20:04 | Crear | Villager (Male) |
| 20:26 | Construir | House |
| 20:28 | Construir | House |
| 20:33 | Construir | House |
| 20:35 | Construir | Farm |
| 20:40 | Investigar | Castle Age |
| 20:40 | Investigar | Castle Age |
| 21:02 | Construir | Archery Range |
| 21:05 | Construir | House |
| 21:13 | Crear | Spearman |
| 21:13 | Crear | Militia |
| 21:15 | Crear | Archer |
| 21:15 | Crear | Archer |
| 21:20 | Construir | Farm |
| 21:24 | Construir | Lumber Camp |
| 21:42 | Crear | Militia |
| 21:52 | Crear | Archer |
| 21:53 | Crear | Archer |
Cronología de la partida
| 5:09 | fox · first_building Barracks |
| 7:49 | benjael10 · first_building Barracks |
| 8:30 | fox · wall_segment Palisade Wall x1 |
| 8:32 | fox · wall_segment Palisade Wall x1 |
| 8:51 | benjael10 · age_up feudal |
| 8:58 | benjael10 · first_building Stable |
| 9:11 | benjael10 · wall_segment Palisade Wall x2 |
| 9:14 | benjael10 · wall_segment Palisade Wall x2 |
| 9:18 | fox · age_up feudal |
| 9:18 | benjael10 · wall_segment Palisade Wall x3 |
| 9:23 | fox · first_building Archery Range |
| 9:29 | benjael10 · wall_segment Palisade Wall x1 |
| 9:31 | benjael10 · wall_segment Palisade Wall x2 |
| 9:36 | benjael10 · wall_segment Palisade Wall x1 |
| 9:37 | benjael10 · wall_segment Palisade Wall x1 |
| 9:37 | benjael10 · wall_segment Palisade Wall x1 |
| 9:38 | benjael10 · wall_segment Palisade Wall x1 |
| 9:39 | benjael10 · wall_segment Palisade Wall x1 |
| 10:19 | benjael10 · wall_segment Palisade Wall x1 |
| 10:20 | benjael10 · wall_segment Palisade Wall x1 |
| 10:23 | benjael10 · wall_segment Palisade Wall x1 |
| 11:34 | benjael10 · wall_segment Palisade Wall x1 |
| 11:35 | benjael10 · wall_segment Palisade Wall x1 |
| 11:39 | benjael10 · wall_segment Palisade Wall x1 |
| 11:48 | benjael10 · wall_segment Palisade Wall x1 |
| 11:49 | benjael10 · wall_segment Palisade Wall x1 |
| 11:49 | benjael10 · wall_segment Palisade Wall x1 |
| 11:50 | benjael10 · wall_segment Palisade Wall x1 |
| 11:50 | benjael10 · wall_segment Palisade Wall x1 |
| 11:51 | benjael10 · wall_segment Palisade Wall x1 |
| 11:51 | benjael10 · wall_segment Palisade Wall x1 |
| 11:52 | benjael10 · wall_segment Palisade Wall x1 |
| 13:48 | benjael10 · first_building Archery Range |
| 15:18 | benjael10 · wall_segment Palisade Wall x1 |
| 15:19 | benjael10 · wall_segment Palisade Wall x1 |
| 17:42 | benjael10 · wall_segment Palisade Wall x3 |
| 23:20 | fox · age_up castle |
| 26:13 | fox · first_building Siege Workshop |
| 33:49 | fox · first_building Castle |
| 36:04 | benjael10 · resign |
[ ANÁLISIS IA · 1 CRÉDITO ]
¿Qué pasó realmente en esta partida?
Wolo.gg analiza cada decisión: build order, eco, micro, errores típicos por bracket. Análisis personalizado por WhatsApp o Discord en 30 segundos.
Guía civ
Wei
Perfil
Jugador #20040729